 Dungeon Crawl Stone Soup version 0.30-a0-364-gf6b3ef1049 (webtiles) character file.

Game seed: 6180144121176410856

12915 oldriver the Eclecticist (level 11, -1/85 HPs)
             Began as a Mummy Necromancer on Nov 14, 2022.
             Was an Elder of Hepliaklqana.
             Slain by an orc
             ... wielding a +0 war axe
              (6 damage)
             ... on level 2 of the Orcish Mines.
             The game lasted 00:20:54 (11731 turns).

oldriver the Eclecticist (Mummy Necromancer)       Turns: 11731, Time: 00:20:55

Health: -1/85      AC: 13    Str: 12    XL:     11   Next: 68%
Magic:  30/30      EV: 11    Int: 18    God:    Hepliaklqana [****..]
Gold:   950        SH:  3    Dex: 13    Spells: 29/40 levels left

rFire   . . .      SeeInvis .    n - +4 falchion (elec)
rCold   . . .      Faith    +    j - +0 buckler
rNeg    + + +      Spirit   .    y - +0 troll leather armour
rPois   ∞          Reflect  .    z - +2 helmet
rElec   .          Harm     .    b - +2 cloak of Red Surprise {rPois Will+ Dex-3}
rCorr   .          Rampage  .    f - +2 pair of gloves {Dex+3}
Will    ++...                    (no boots)
Stlth   ++........               p - amulet of the acrobat
HPRegen 1.14/turn                d - ring of fire
MPRegen 0.22/turn                x - +4 ring of slaying

@: no status effects
A: reduced essence, cold resistance 1, negative energy resistance 3, torment
resistance 2, heat vulnerability 1, in touch with death 1, no potions, faith
a: Renounce Religion, Recall Ancestor, Ancestor Identity, Transference, Idealise


You were on level 2 of the Orcish Mines.
You worshipped Hepliaklqana.
Hepliaklqana was greatly pleased with you.
You visited 3 branches of the dungeon, and saw 14 of its levels.
You also visited: Ossuary.

You collected 950 gold pieces.

Inventory:

Hand Weapons
 n - a +4 falchion of electrocution (weapon)
Missiles
 g - a throwing net
Armour
 b - the +2 cloak of Red Surprise (worn) {rPois Will+ Dex-3}
   (You acquired it on level 3 of the Dungeon)

   Dex:       It affects your dexterity (-3).
   rPois:     It protects you from poison.
   Will:      It increases your willpower.
 f - a +2 pair of gloves of dexterity (worn)
 j - a +0 buckler (worn)
 y - a +0 troll leather armour (worn)
 z - a +2 helmet (worn)
Jewellery
 d - a ring of fire (left hand)
 m - a ring of ice
 p - an amulet of the acrobat (around neck)
 s - a +6 ring of strength
 x - a +4 ring of slaying (right hand)
Wands
 o - a wand of flame (25)
 q - a wand of acid (12)
 r - a wand of polymorph (11)
 u - a wand of iceblast (14)
Scrolls
 a - a scroll of fear
 c - 3 scrolls of vulnerability
 e - 5 scrolls of teleportation
 h - 2 scrolls of magic mapping
 k - 4 scrolls of immolation
 l - 2 scrolls of blinking
 t - 2 scrolls of silence
 v - 3 scrolls of summoning
 w - a scroll of torment
 B - a scroll of amnesia {unknown}


   Skills:
 + Level 12.0 Fighting
 - Level 3.0 Long Blades
 - Level 1.6 Dodging
 - Level 1.6 Stealth
 + Level 15.0 Spellcasting
 - Level 7.0 Necromancy
 + Level 2.0 Ice Magic


You had 29 spell levels left.
You knew the following spells:

 Your Spells              Type           Power      Damage    Failure   Level
a - Necrotise             Necr           100%       1d9       1%          1
b - Vampiric Draining     Necr           55%        2d9       1%          3
c - Animate Dead          Necr           55%        N/A       4%          4
d - Ozocubu's Armour      Ice            20%        N/A       11%         3

Your spell library contained the following spells:

 Spells                   Type           Power      Damage    Failure   Level
 Agony                    Necr           55%        N/A       13%         5
 Vhi's Electric Charge    Tloc/Air       26%        N/A       26%         3
 Summon Ice Beast         Ice/Summ       17%        N/A       50%         4
 Arcjolt                  Conj/Air       6%         1d16      93%         5
 Summon Mana Viper        Hex/Summ       13%        N/A       93%         5
 Monstrous Menagerie      Summ           6%         N/A       100%        7
 Ozocubu's Refrigeration  Ice            10%        4d9       100%        7
 Maxwell's Capacitive Co  Air            6%         ∞         100%        8


Dungeon Overview and Level Annotations

Branches:
Dungeon (11/15)            Temple (1/1) D:4             Orc (2/2) D:9
Ossuary (visited)
   Lair: D:8-11         Elf: Orc:2

Altars:
Ashenzari
Cheibriados
Dithmenos
Fedhas
Gozag
Hepliaklqana
Kikubaaqudgha
Makhleb
Nemelex Xobeh
Okawaru
Qazlal
Ru
Sif Muna
Trog
Uskayaw
Vehumet
Wu Jian
Xom
Yredelemnul

Annotations:
D:3 1 runed translucent door, GiantSquids's ghost, amateur OpTm
D:4 2 transporters, erofeev's ghost, amateur HOGl
D:6 3 runed translucent doors, Maxmaps's ghost, novice FoFi
D:11 Sonja


Innate Abilities, Weirdness & Mutations

Your life essence is reduced to manifest your ancestor. (-10% HP)
You are immune to poison.
Your flesh is cold resistant. (rC+)
You are immune to negative energy. (rN+++)
You are immune to unholy pain and torment.
You are vulnerable to heat. (rF-)
You are in touch with the powers of death.
You do not drink.
You have a special connection with the divine. (Faith)


Message History

Ælfric barely misses the warg.
The orc high priest mumbles some strange prayers to Beogh.
An orc sorcerer comes into view. It is wielding a +0 dagger.
Unknown command.
The sixfirhy disappears in a puff of smoke!
You block the sixfirhy's attack. The sixfirhy barely misses you.
The warg bites Ælfric! Ælfric hits the warg with a +0 quarterstaff.
The sixfirhy hits you but does no damage.
The orc hits Ælfric with a +0 war axe.
You climb upwards.
There is a stone staircase leading down here.
You feel a surge of power!
The orc wizard writhes in agony.
The orc wizard hits you but does no damage.
You feel a surge of power!
The orc wizard writhes in agony!
You kill the orc wizard!
The dead are walking!
You can't see any susceptible monsters within range! (Use Z to cast anyway.) Unknown command.
You start resting.
Magic restored.
You swap places.
There is a stone staircase leading down here.
You climb downwards.
The sixfirhy hits you. The sixfirhy shocks you!
The sixfirhy closely misses you. The sixfirhy hits you!
The sixfirhy shocks you! The warg bites you but does no damage.
The sixfirhy hits you but does no damage.
You block the warg's attack.
The orc barely misses Ælfric.
The orc hits you with a +0 war axe. The orc barely misses you.
You block the orc's attack. The sixfirhy closely misses you.
There is a stone staircase leading up here.
The sixfirhy misses you. The sixfirhy hits you. The sixfirhy shocks you!
The sixfirhy hits you!
* * * LOW HITPOINT WARNING * * *
The sixfirhy shocks you!
* * * LOW HITPOINT WARNING * * *
The warg bites you!
* * * LOW HITPOINT WARNING * * *
The orc hits you with a +0 war axe.
You die...

############ ##
#.......#..#..#
............o..
..............#
......o33.o...#
...(..o@.o.#
..$...oRh..o..#
......o3......#
...............
...............
...............
.........#.....
...............


You could see the friendly Ælfric the battlemage, 2 sixfirhies, a smoke demon
(summoned), a warg, an orc sorcerer, an orc warrior and 6 orcs.

Vanquished Creatures
  Josephine (Orc:1)
  3 two-headed ogres
  A boulder beetle (D:10)
  Grinder (D:4)
  A troll (D:9)
  3 wraiths (D:9)
  13 yaks
  Menkaure (D:6)
  Edmund (D:6)
  2 wargs
  Duvessa (D:6)
  3 water moccasins
  An orc warrior (Orc:1)
  A black bear (D:4)
  An ice beast (D:5)
  A sky beast (D:8)
  2 centaurs
  An ogre (D:9)
  3 kobold brigands
  A necrophage (D:6)
  2 scorpions
  2 wights (D:8)
  A water moccasin zombie (Ossuary)
  Dowan (D:6)
  2 killer bees (D:10)
  A howler monkey (D:6)
  A centaur zombie (Ossuary)
  5 bullfrog zombies (Ossuary)
  4 orc priests
  2 hounds
  3 jellies
  3 iguanas
  2 orc wizards
  A killer bee zombie (Ossuary)
  11 mummies (Ossuary)
  3 howler monkey zombies (Ossuary)
  5 adders
  3 shadow imps
  A white imp (D:6)
  An ufetubus (D:6)
  A worm (D:2)
  3 dart slugs
  22 orcs
  4 bats
  3 endoplasms
  5 giant cockroaches
  6 goblins
  10 hobgoblins
  4 jackals (D:2)
  11 kobolds
  5 quokkas
  5 ball pythons
  4 frilled lizards
  A kobold zombie (D:7)
  6 rats
186 creatures vanquished.

Vanquished Creatures (collateral kills)
  A cyclops (Orc:1)
  2 trolls (D:10)
  2 wyverns (D:7)
  7 yaks
  A steam dragon (D:9)
  An orc warrior (D:9)
  An ice beast (D:8)
  3 sky beasts (D:7)
  A black bear (D:7)
  A centaur (D:7)
  A kobold brigand (D:10)
  A bullfrog (D:7)
  A necrophage (D:6)
  A wyvern zombie (Ossuary)
  7 wights
  2 killer bees (D:10)
  A howler monkey (D:6)
  3 bullfrog zombies (Ossuary)
  A centaur zombie (Ossuary)
  A jelly (D:6)
  An orc priest (Orc:1)
  3 orc wizards
  A killer bee zombie (Ossuary)
  8 mummies
  A white imp (D:7)
  A dart slug (D:2)
  13 orcs
  A goblin (D:9)
  A hobgoblin (D:3)
  A frilled lizard (D:1)
  A hobgoblin zombie (D:7)
  9 kobolds (D:10)
  A spectral orc (D:7)
81 creatures vanquished.

Vanquished Creatures (others)
  2 yak zombies (D:10)
  9 battlemagi
  An ancestor (D:6)
  A goblin zombie (D:9)
  7 kobold zombies (D:10)
  8 orc zombies (D:9)
  A withered plant (Ossuary)
29 creatures vanquished.

Grand Total: 296 creatures vanquished

Notes
Turn   | Place    | Note
-------+----------+-------------------------------------------
     0 | D:1      | oldriver the Mummy Necromancer began the quest for the Orb.
     0 | D:1      | Reached XP level 1. HP: 13/13 MP: 4/4
    95 | D:1      | Reached skill level 3 in Spellcasting
   299 | D:1      | Reached XP level 2. HP: 19/19 MP: 1/6
   675 | D:1      | Reached skill level 4 in Spellcasting
   821 | D:1      | Found a faded altar of an unknown god.
  1147 | D:2      | Gained mutation: You are in touch with the powers of death.
                  | [Mummy growth]
  1147 | D:2      | Reached XP level 3. HP: 24/24 MP: 5/8
  1821 | D:2      | Learned a level 3 spell: Vampiric Draining
  1832 | D:2      | Found an opulent altar of Gozag.
  1917 | D:3      | Found a runed translucent door.
  1920 | D:3      | Reached skill level 5 in Spellcasting
  2014 | D:3      | Reached XP level 4. HP: 30/30 MP: 7/11
  2155 | D:3      | Found a shimmering altar of Xom.
  2430 | D:3      | Found an ornate altar of the Wu Jian Council.
  2480 | D:3      | Reached skill level 6 in Spellcasting
  2974 | D:3      | Noticed GiantSquids's ghost (amateur OpTm)
  3015 | D:3      | Identified 2 scrolls of acquirement
  3015 | D:3      | Acquired a +1 pair of gloves of dexterity
  3023 | D:3      | Acquired the +2 cloak of Red Surprise {rPois Will+ Dex-3}
  3050 | D:3      | Learned a level 4 spell: Animate Dead
  3100 | D:4      | Noticed erofeev's ghost (amateur HOGl)
  3138 | D:4      | Found a transporter.
  3216 | D:4      | Reached skill level 1 in Fighting
  3241 | D:4      | Reached XP level 5. HP: 33/37 MP: 10/13
  3410 | D:4      | Noticed a black bear
  3424 | D:4      | Killed a black bear
  3425 | D:4      | Reached XP level 6. HP: 43/46 MP: 3/15
  3436 | D:4      | Found a transporter.
  3561 | D:4      | Noticed Grinder
  3581 | D:4      | Killed Grinder
  3582 | D:4      | Reached skill level 7 in Spellcasting
  3584 | D:4      | Reached XP level 7. HP: 53/53 MP: 14/18
  3628 | D:4      | Found a blossoming altar of Fedhas.
  3670 | D:4      | Found a staircase to the Ecumenical Temple.
  3732 | D:4      | Reached skill level 8 in Spellcasting
  3739 | Temple   | Entered the Ecumenical Temple
  3788 | Temple   | Became a worshipper of Hepliaklqana the Forgotten
  3861 | D:5      | Entered Level 5 of the Dungeon
  4262 | D:5      | Reached skill level 5 in Fighting
  4455 | D:6      | Found an iron altar of Okawaru.
  4455 | D:6      | Noticed Duvessa
  4462 | D:6      | Noticed Dowan
  4480 | D:6      | Killed Duvessa
  4481 | D:6      | Reached skill level 9 in Spellcasting
  4481 | D:6      | Reached XP level 8. HP: 40/63 MP: 11/21
  4485 | D:6      | Reached * piety under Hepliaklqana
  4504 | D:6      | Killed Dowan
  4505 | D:6      | Reached skill level 1 in Long Blades
  4614 | D:6      | Noticed Menkaure
  4630 | D:6      | Killed Menkaure
  4941 | D:6      | Noticed Edmund
  4949 | D:6      | Killed Edmund
  5376 | D:6      | Found a runed translucent gate.
  5376 | D:6      | Found a runed translucent gate.
  5376 | D:6      | Found a runed translucent gate.
  5376 | D:6      | Noticed Maxmaps's ghost (novice FoFi)
  5467 | D:7      | Reached skill level 5 in Necromancy
  5477 | D:7      | Found a basalt altar of Yredelemnul.
  5571 | D:7      | Reached ** piety under Hepliaklqana
  5577 | D:7      | Remembered your ancestor Ælfric as a battlemage
  5619 | D:7      | Reached skill level 10 in Spellcasting
  5657 | D:7      | Reached XP level 9. HP: 53/63 MP: 19/23
  6044 | D:7      | Found a sand-covered staircase.
  6057 | Ossuary  | Entered an ossuary
  6139 | Ossuary  | Reached skill level 11 in Spellcasting
  6778 | D:7      | Found a snail-covered altar of Cheibriados.
  6857 | D:7      | Noticed a two-headed ogre
  6869 | D:7      | Killed a two-headed ogre
  6870 | D:7      | Reached skill level 12 in Spellcasting
  6870 | D:7      | Reached XP level 10. HP: 37/74 MP: 9/26
  7534 | D:7      | Found a shimmering blue altar of Sif Muna.
  7650 | D:8      | Noticed a two-headed ogre
  7655 | D:8      | Killed a two-headed ogre
  7811 | D:8      | Reached skill level 10 in Fighting
  7811 | D:8      | Reached skill level 13 in Spellcasting
  7910 | D:8      | Identified the +5 short sword of Uskayaw, Hurting {vorpal,
                  | +Blink rElec Will- rCorr}
  8116 | D:9      | Found a shadowy altar of Dithmenos.
  8440 | D:9      | Reached *** piety under Hepliaklqana
  8827 | D:9      | Found a staircase to the Orcish Mines.
  9306 | D:9      | Found an ancient bone altar of Kikubaaqudgha.
  9842 | D:10     | Entered Level 10 of the Dungeon
  9913 | D:10     | Reached XP level 11. HP: 82/82 MP: 11/28
 10103 | D:10     | Reached skill level 14 in Spellcasting
 10238 | D:10     | Reached **** piety under Hepliaklqana
 10264 | D:10     | Noticed a boulder beetle
 10325 | D:10     | Killed a boulder beetle
 10825 | D:10     | Noticed a two-headed ogre
 10834 | D:10     | Killed a two-headed ogre
 11176 | D:11     | Noticed Sonja
 11262 | Orc:1    | Entered Level 1 of the Orcish Mines
 11267 | Orc:1    | Learned a level 3 spell: Ozocubu's Armour
 11353 | Orc:1    | Noticed Josephine
 11507 | Orc:1    | Reached skill level 1 in Ice Magic
 11511 | Orc:1    | Killed Josephine
 11514 | Orc:1    | Reached skill level 15 in Spellcasting
 11706 | Orc:2    | Entered Level 2 of the Orcish Mines
 11706 | Orc:2    | Noticed an orc high priest
 11708 | Orc:2    | Noticed a sixfirhy
 11708 | Orc:2    | Noticed a sixfirhy
 11708 | Orc:2    | Noticed an orc sorcerer
 11709 | Orc:2    | Noticed a sixfirhy
 11731 | Orc:2    | Slain by an orc

Illustrated notes

Levels and vault maps discovered:
D:1:      minmay_arrival_open_corners, layout_rooms,
          hellmonk_ecumenical_altar_pennies_from_heaven
D:2:      layout_basic, basic_altar, serial_corexii_hall,
          corexii_hall_statues_i, corexii_hall_statues_s
D:3:      layout_loops_cross, xom_teletrap_fun, nicolae_wu_jian_glorious_leap,
          ebering_ghost_reflecting_pool, amcnicky_mini_rare_corridor_liquid,
          st_stairs_10
D:4:      layout_rooms, lemuel_doored_altar, minmay_temple_entry_large_hall,
          gammafunk_ghost_arena, uniq_grinder
D:5:      layout_rooms, mainiacjoe_overflow_tiny_flanked
D:6:      layout_basic, okawaru_gym_becter, mainiacjoe_overflow_alcove_4,
          ebering_ghost_rock_garden, grunt_ministairs_12, supply_closet_lemuel,
          uniq_duvessa, uniq_edmund, uniq_menkaure
D:7:      layout_loops_ring, yredelemnul_forgotten_temple_becter,
          lemuel_crystal_altar, led_sif_pool, nicolae_ossuary_entry_giza
D:8:      layout_basic, nicolae_overflow_crystal_walls
D:9:      layout_layer_cave, mainiacjoe_overflow_surrounded_room,
          mainiacjoe_overflow_chevrons, erik_orc_4
D:10:     layout_basic, kennysheep_generic_room_15
D:11:     layout_long_grid, david_lair_generic, uniq_sonja
Temple:   nicolae_temple_ecumenical_triangle
Orc:1:    layout_diamond_mine, nicolae_orc_rich_vein, uniq_josephine
Orc:2:    kennysheep_orc_mage_school, layout_caves, uniq_erolcha

Skill      XL: |  1  2  3  4  5  6  7  8  9 10 11 |
---------------+----------------------------------+-----
Spellcasting   | 3 4 5 6 7 9 10 12 13 15 | 15.0
Fighting       | 1 2 3 5 6 9 10 12 | 12.0
Long Blades    | 3 |  3.0
Necromancy     | 5 6 7 |  7.0
Ice Magic      | 2 |  2.0
Dodging        | |  1.6
Stealth        | |  1.6

Action                   |  1- 3 |  4- 6 |  7- 9 | 10-12 || total
-------------------------+-------+-------+-------+-------++-------
Melee: Unarmed           |    13 |       |       |       ||    13
       Short sword       |    16 |       |       |       ||    16
       Falchion          |       |    20 |   123 |    31 ||   174
 Cast: Necrotise         |    87 |    68 |   139 |   169 ||   463
       Vampiric Draining |       |     2 |     9 |    35 ||    46
       Animate Dead      |       |       |       |     3 ||     3
Invok: Ancestor Life: Ba |       |       |     1 |       ||     1
Evoke: Wand              |       |       |     7 |     4 ||    11
  Use: Scroll            |       |     8 |     1 |    12 ||    21
 Stab: Sleeping          |       |       |     1 |       ||     1
       Distracted        |       |       |       |     1 ||     1
Armor: Robe              |    11 |    14 |    48 |    24 ||    97
       Troll leather arm |       |       |       |    30 ||    30
Dodge: Dodged            |    26 |    17 |    79 |   106 ||   228
Block: Buckler           |       |     3 |     8 |    27 ||    38

Table legend: (Time is in decaauts)
 A = Elapsed time spent in this place.
 B = Non-inter-level travel time spent in this place.
 C = Inter-level travel time spent in this place.
 D = Time resting spent in this place.
 E = Time spent auto-exploring this place.
 F = Levels seen in this place.
 G = Mean time per level.
                   A        B        C        D        E       F      G
               +--------+--------+--------+--------+--------+-----+--------+
         Total |  11842 |  11463 |    379 |   1205 |   7945 |  15 |  789.5 |
       Dungeon |  10767 |  10402 |    365 |    958 |   7462 |  11 |  978.8 |
        Temple |     72 |     65 |      7 |      0 |     55 |   1 |   72.0 |
  Orcish Mines |    365 |    358 |      7 |     12 |    260 |   2 |  182.5 |
       Ossuary |    636 |    636 |      0 |    235 |    168 |   1 |  636.0 |
               +--------+--------+--------+--------+--------+-----+--------+

Top non-repeatable levels by time:
     D:9: 1664 daAuts
     D:7: 1537 daAuts
    D:10: 1281 daAuts
     D:2: 1104 daAuts
     D:3: 1089 daAuts
     D:6: 1025 daAuts
     D:1: 892 daAuts
     D:8: 798 daAuts
     D:4: 708 daAuts
 Ossuary: 636 daAuts
     D:5: 549 daAuts
   Orc:1: 360 daAuts
    D:11: 115 daAuts
  Temple: 72 daAuts
   Orc:2: 5 daAuts
